AoeStats
← Kaiser Ze

MegaRandom

509057431Analyzed
4v4 RM · 8d ago on Sep 25, 2026· 26m 57s· 8 players
Game mode
Random Map
Map size
Large (8 player)
Population
200
Speed
Normal
Resources
Standard
Victory
Conquest
Starting age
Dark Age
Ending age
Imperial Age
RankedLock teamsTeams togetherTeam positionsShared explorationLock speedFull tech treeHidden civsTurbo modeCheats
Victory
Defeat
🇨🇳 Varangians · China
1402
+15
🇨🇳 Britons · China
1396
+15
🇭🇰 Franks · Hong Kong SAR China
1367
+16
🇨🇳 Jurchens · China
1351
+17
🇨🇳 Saxons · China
1425
-17
🇦🇺 Danes · Australia
1394
-17
🇩🇪 Japanese · Germany
1349
-15
🇺🇸 Varangians · United States
1339
-14
Morningstar
7:56 Loom
8:48 Loom
14:35 Feudal Age
15:35 Town Watch
20:39 Castle Age
19:49 Double-Bit Axe
20:07 Horse Collar
fux
4:59 Loom
14:59 Feudal Age
23:44 Town Watch
'Pyc_Hawk' = cryer
11:21 Loom
14:22 Feudal Age
15:03 Double-Bit Axe
18:21 Castle Age
17:36 Double-Bit Axe
17:32 Horse Collar
19:54 Scale Mail Armor
23:48 Chain Mail Armor
24:14 Arson
25:31 Forging
25:26 Squires
26:14 Forging
Texas Mil
3:10 Loom
13:19 Feudal Age
14:22 Double-Bit Axe
19:08 Castle Age
17:29 Gold Mining
18:06 Scale Mail Armor
18:46 Forging
21:59 Bow Saw
23:25 Horse Collar
23:44 Arson
25:43 Squires
26:54 Chain Mail Armor
27:15 Iron Casting
拿捏木村
5:41 Loom
13:30 Feudal Age
13:33 Feudal Age
17:42 Castle Age
15:54 Double-Bit Axe
Kaiser Ze
5:19 Loom
12:55 Feudal Age
14:52 Bloodlines
15:33 Double-Bit Axe
19:11 Wheelbarrow
18:20 Horse Collar
24:18 Castle Age
24:23 Light Cavalry
25:03 Husbandry
26:03 Scale Barding Armor
26:09 Forging
老菜套
4:17 Loom
15:01 Feudal Age
15:43 Town Watch
21:19 Castle Age
19:56 Double-Bit Axe
19:57 Horse Collar
22:40 Scale Barding Armor
26:56 Bloodlines
乌合之众
10:56 Loom
13:17 Feudal Age
16:39 Forging
20:41 Castle Age
20:49 Light Cavalry
21:37 Scale Barding Armor
Connection lost

Rejoining the realm…

Still unreachable

The connection could not be restored.

Session expired

The server has moved on; the page needs a fresh start.